 Dungeon Crawl Stone Soup version 0.22-a0-551-g3b2bdd4ba6 (webtiles) character file.

43 Hercules1031 the Skirmisher (level 3, -6/33 HPs)
             Began as a Hill Orc Fighter on June 25, 2018.
             Mangled by a worm (8 damage)
             ... on level 3 of the Dungeon.
             The game lasted 00:04:04 (1335 turns).

Hercules1031 the Skirmisher (Hill Orc Fighter)      Turns: 1335, Time: 00:04:05

Health: -6/33      AC:  9    Str: 24    XL:     3   Next: 58%
Magic:  3/3        EV:  8    Int:  8    God:
Gold:   83         SH:  0    Dex: 10    Spells: 2/2 levels left

rFire    . . .     SeeInvis .   a - +0 war axe
rCold    . . .     Gourm    .   c - +0 shield
rNeg     . . .     Faith    .   b - +0 scale mail
rPois    +         Spirit   .   n - +1 helmet
rElec    .         Reflect  .   (no cloak)
rCorr    .         Harm     .   (no gloves)
MR       .....                  (no boots)
Stlth    ..........             (no amulet)
HPRegen  0.11/turn              k - ring of poison resistance
MPRegen  0.08/turn              (no ring)

@: confused, mighty
A: no striking features
a: no special abilities


You were on level 3 of the Dungeon.
You were full.

You visited 1 branch of the dungeon, and saw 3 of its levels.

You collected 83 gold pieces.

Inventory:

Hand Weapons
 a - a +0 war axe (weapon)
Armour
 b - a +0 scale mail (worn)
 c - a +0 shield (worn)
 n - a +1 helmet (worn)
Jewellery
 k - a ring of poison resistance (left hand)
Scrolls
 e - a scroll of immolation {unknown}
 g - 2 scrolls of fear {unknown}
 h - 2 scrolls of teleportation
 i - 2 scrolls of remove curse
 j - a scroll of identify
 o - a scroll of magic mapping {unknown}
Comestibles
 f - 8 rations


   Skills:
 + Level 4.0 Fighting
 + Level 3.3 Axes
 + Level 3.6 Armour
 + Level 0.9 Dodging
 + Level 3.6 Shields


You had 2 spell levels left.
You didn't know any spells.
Your spell library was empty.

Dungeon Overview and Level Annotations

Branches:
Dungeon (3/15)

Altars:
Yredelemnul

Annotations:
D:3 Sigmund


Message History

You hear some strange, mumbled words.
You are confused.
Something hits you.
* * * LOW HITPOINT WARNING * * *
Something hits you.
* * * LOW HITPOINT WARNING * * *
A worm comes into view.
You hear some strange, mumbled words.
You are more confused.
A puff of flame appears from out of thin air!
The puff of flame hits you!
You bump into the rock wall.
Sigmund appears from thin air!
Reactivating autopickup.
The worm closely misses you.
You bump into the rock wall.
Sigmund casts a spell.
Sigmund flickers and vanishes!
Deactivating autopickup; reactivate with Ctrl-A.
The worm bites you!
You die...

#...# #...# #.#
#...# #.# #...#
#.# #.<.# #.#
#...# #.# ##.##
#.# #..# #w# ##.#
#@## #.# #..# #.#
##{# #.# #.##
#.### #..# #...#
##.#
###.#####.######.
#...()[........
#######(......<


You could see a worm.

Vanquished Creatures
  An adder (D:2)
  A dart slug (D:1)
  3 leopard geckos
  An orc (D:3)
  A ball python (D:2)
  A giant cockroach (D:3)
  2 gnoll zombies (D:2)
  4 goblins
  3 hobgoblins
  2 bats (D:1)
  2 frilled lizards (D:1)
  4 kobolds
  A rat (D:1)
26 creatures vanquished.

Notes
Turn   | Place    | Note
-------+----------+-------------------------------------------
     0 | D:1      | Hercules1031 the Hill Orc Fighter began the quest for the Orb.
     0 | D:1      | Reached XP level 1. HP: 19/19 MP: 1/1
   221 | D:1      | Reached XP level 2. HP: 21/27 MP: 2/2
   981 | D:2      | Reached skill level 4 in Fighting
   981 | D:2      | Reached XP level 3. HP: 25/33 MP: 3/3
  1156 | D:2      | Found a basalt altar of Yredelemnul.
  1302 | D:3      | Noticed Sigmund
  1335 | D:3      | Mangled by a worm

Vault maps used:
D:1:      dpeg_arrival_arbitrary_a
D:2:      lemuel_zombie_altar_yredelemnul, first_ration
D:3:      eat_drink_and_be_merry_uskayaw, uniq_sigmund, uniq_natasha,
          uniq_crazy_yiuf_cottage

Skill      XL: |  1  2 |
---------------+-------+-----
Axes           | 3 |  3.3
Fighting       | 4 |  4.0
Armour         | |  3.6
Dodging        | |  0.9
Shields        | |  3.6

Action                   || total
-------------------------++-------
Melee: War axe           ||    80
  Use: Scroll            ||     6
       Potion            ||     4
  Eat: Ration            ||     2
Armor: Scale mail        ||    39
Dodge: Dodged            ||    39
Block: Shield            ||    46

Table legend:
 A = Spawn XP
 B = Non-spawn XP
 C = Spawn XP percentage of total XP
 D = Spawn monster count
 E = Non-spawn monster count
 F = Spawn count percentage of total count
 G = Total turns spent on level
                    A         B        C        D         E        F      G
               +---------+---------+-------+---------+---------+-------+---------
         Total |       0 |      62 |   0.0 |       0 |      26 |   0.0 |  1335
               +---------+---------+-------+---------+---------+-------+---------
           D:1 |       0 |      22 |   0.0 |       0 |      13 |   0.0 |   568
           D:2 |       0 |      33 |   0.0 |       0 |      10 |   0.0 |   715
           D:3 |       0 |       7 |   0.0 |       0 |       3 |   0.0 |    52
               +---------+---------+-------+---------+---------+-------+---------
